 Dungeon Crawl Stone Soup version 0.28.0-53-g5a82cb258f (webtiles) character file.

Game seed: 14943002525292001817

58 cbfl8 the Chopper (level 3, 0/34 HPs)
             Began as a Minotaur Berserker on July 25, 2022.
             Was a Believer of Trog.
             Killed from afar by an orc wizard (6 damage)
             ... with a puff of flame
             ... on level 3 of the Dungeon.
             The game lasted 00:01:45 (1695 turns).

cbfl8 the Chopper (Minotaur Berserker)              Turns: 1695, Time: 00:01:45

Health: 0/34       AC:  6    Str: 27    XL:     3   Next: 76%
Magic:  0/0        EV: 10    Int:  4    God:    Trog [**....]
Gold:   156        SH:  0    Dex: 11    Spells: 2/2 levels left

rFire   . . .      SeeInvis .   j - +1 spear (antimagic)
rCold   . . .      Faith    .   i - +0 buckler
rNeg    . . .      Spirit   .   h - +0 scale mail
rPois   .          Reflect  .   (helmet restricted)
rElec   .          Harm     .   (no cloak)
rCorr   .          Rampage  .   (no gloves)
Will    .....                   (no boots)
Stlth   ..........              (no amulet)
HPRegen 0.11/turn               n - +6 ring of strength
MPRegen 0.07/turn               (no ring)

@: confused, on berserk cooldown, slowed, very slow
A: horns 2, retaliatory headbutt
a: Renounce Religion, Berserk, Trog's Hand


You were on level 3 of the Dungeon.
You worshipped Trog.
Trog was pleased with you.
You visited 1 branch of the dungeon, and saw 3 of its levels.

You collected 156 gold pieces.

Inventory:

Hand Weapons
 a - a +0 hand axe
 j - a +1 antimagic spear (weapon)
Missiles
 l - a throwing net (quivered)
Armour
 b - a +0 animal skin
 d - a +0 ring mail
 h - a +0 scale mail (worn)
 i - a +0 buckler (worn)
Jewellery
 n - a +6 ring of strength (left hand)
Scrolls
 c - 2 scrolls of teleportation {unknown}
 g - a scroll of noise {unknown}
 k - a scroll of identify {unknown}
 m - a scroll of torment {unknown}
Potions
 e - 2 potions of curing {unknown}
 f - a potion of haste {unknown}


   Skills:
 * Level 4.4 Fighting
 + Level 4.5 Axes
 + Level 0.1(2.7) Polearms
 + Level 2.7 Armour
 * Level 2.8 Dodging


You had 2 spell levels left.
You didn't know any spells.
Your spell library was empty.

Dungeon Overview and Level Annotations

Branches:
Dungeon (3/15)

Altars:


Innate Abilities, Weirdness & Mutations

You have a pair of horns on your head.
You reflexively headbutt those who attack you in melee.


Message History

The magic dart hits you!
You feel less confused.
You miss something. You headbutt something.
Something hits you but does no damage. x2
You hit something. Your headbutt misses something.
You hear some strange, mumbled words.
You are confused.
Something hits you but does no damage. x2
You closely miss something.
An orc wizard appears from thin air!
Reactivating autopickup.
The orc wizard barely misses you.
You miss the orc wizard.
The orc wizard is heavily wounded.
The orc wizard closely misses you.
The orc wizard hits you but does no damage.
You hit the orc wizard.
The orc wizard's magic leaks into the air.
Your headbutt misses the orc wizard.
The orc wizard is severely wounded.
You feel less confused. The orc wizard casts a spell at you.
The magic dart hits you.
Unknown command.
You closely miss the orc wizard. Your headbutt misses the orc wizard.
The orc wizard is severely wounded.
The orc wizard's magic is no longer disrupted.
The orc wizard barely misses you. The orc wizard casts a spell at you.
You are confused.
Unknown command.
You bump into the rock wall.
The orc wizard points at you and mumbles some strange words.
The puff of flame hits you!
* * * LOW HITPOINT WARNING * * *
The orc wizard hits you but does no damage.
Unknown command.
You bump into the rock wall.
The orc wizard casts a spell at you. The puff of flame hits you.
You die...

#.#######.........#
#..........########
####.........#
+.........# #.........#
##..)......#
#...######## #.o.#
####@..# #..††..#
#.###### #####
####'##### #...#
#........# #...#
#.[......######...######
#........'..............
#........###############
##########


You could see an orc wizard.

Vanquished Creatures
  2 dart slugs (D:1)
  2 orcs (D:3)
  2 ball pythons
  4 endoplasms (D:1)
  3 giant cockroaches
  6 goblins (D:1)
  3 hobgoblins
  6 jackals (D:1)
  3 quokkas
  5 bats
  3 frilled lizards
  A kobold (D:1)
  6 rats
46 creatures vanquished.

Notes
Turn   | Place    | Note
-------+----------+-------------------------------------------
     0 | D:1      | cbfl8 the Minotaur Berserker began the quest for the Orb.
     0 | D:1      | Reached XP level 1. HP: 19/19 MP: 0/0
    69 | D:1      | Reached XP level 2. HP: 25/27 MP: 1/1
   492 | D:1      | Reached XP level 3. HP: 32/33 MP: 2/2
   824 | D:2      | Reached ** piety under Trog
   961 | D:2      | Found a faded altar of an unknown god.
  1695 | D:3      | Killed from afar by an orc wizard

Illustrated notes

Levels and vault maps discovered:
D:1:      onia_arrival_pyramid, layout_basic
D:2:      layout_loops_ring, shapermc_ecumenical_altar_venn,
          hangedman_decor_push
D:3:      layout_basic, kennysheep_small_spiral, uniq_robin

Skill      XL: |  1  2 |
---------------+-------+-----
Fighting       | 4 |  4.4
Axes           | 4 |  4.5
Polearms       | |  0.1
Armour         | |  2.7
Dodging        | |  2.8

Action                   || total
-------------------------++-------
Melee: Hand axe          ||    64
       Headbutt          ||    17
       Spear             ||    48
Invok: Berserk           ||     1
Armor: Ring mail         ||    15
       Scale mail        ||    34
Dodge: Dodged            ||    57
Block: Buckler           ||     4
